 Dungeon Crawl Stone Soup version 0.31-a0-232-gb1c03b2570 (webtiles) character file.

Game seed: 11363237560172975300

112 qw the Shooter (level 4, -1/26 HPs)
             Began as a Gargoyle Hexslinger on July 7, 2023.
             Was an Initiate of Okawaru.
             Slain by Grinder (3 damage)
             ... on level 4 of the Dungeon.
             The game lasted 00:00:51 (2418 turns).

qw the Shooter (Gargoyle Hexslinger)                Turns: 2418, Time: 00:00:51

Health: -1/26      AC: 10    Str: 17    XL:     4   Next: 95%
Magic:  5/5        EV: 11    Int: 14    God:    Okawaru [......]
Gold:   192        SH:  0    Dex: 14    Spells: 4/5 levels left

rFire   . . .        Y - +1 sling
rCold   . . .        (no shield)
rNeg    + . .        c - +0 ring mail
rPois   inf          (no helmet)
rElec   +            h - +1 cloak
rCorr   .            (no gloves)
SInv    .            (no boots)
Will    .....        (no amulet)
Stlth   +            k - +6 ring of strength
HPRegen 0.24/turn    (no ring)
MPRegen 0.09/turn

%: no passive effects
@: no status effects
A: sickness immunity, AC +3, negative energy resistance 1, electricity
resistance, torment resistance 1, petrification resistance
a: Renounce Religion


You were on level 4 of the Dungeon.
You worshipped Okawaru.
Okawaru was noncommittal.
You visited 1 branch of the dungeon, and saw 4 of its levels.

You collected 192 gold pieces.


Innate Abilities, Weirdness & Mutations

You are immune to sickness and miasma.
Your stone body is resilient. (AC +3)
You are immune to poison.
You resist negative energy. (rN+)
You are resistant to electric shocks. (rElec)
You are resistant to unholy torment.
You are immune to petrification.


   Skills:
 - Level 2.2 Fighting
 + Level 4.3 Ranged Weapons
 - Level 1.0 Armour
 - Level 1.5 Dodging
 - Level 1.0 Spellcasting
 - Level 2.6 Hexes


You had 4 spell levels left.
You knew the following spells:

 Your Spells              Type           Power      Damage    Failure   Level
a - Slow                  Hex            32%        N/A       16%         1

Your spell library contained the following spells:

 Spells                   Type           Power      Damage    Failure   Level
 Inner Flame              Hex/Fire       4%         N/A       63%         3
 Portal Projectile        Hex/Tloc       8%         N/A       63%         3
 Cause Fear               Hex            4%         N/A       85%         4

Inventory:

Hand Weapons
 Y - a +1 sling (weapon)
Armour
 c - a +0 ring mail (worn)
 h - a +1 cloak (worn)
Jewellery
 i - a +5 ring of evasion
 k - a +6 ring of strength (left hand)
Scrolls
 a - 3 scrolls of identify
Potions
 b - a potion of invisibility {unknown}
 d - a potion of enlightenment {unknown}
 e - a potion of haste {unknown}
 f - a potion of cancellation {unknown}
 g - a potion of curing
 j - a potion of resistance {unknown}

Dungeon Overview and Level Annotations

Branches:
Dungeon (4/15)
 Temple: D:4-7

Altars:
Okawaru

Annotations:
D:4 Grinder


Message History

Grinder is lightly wounded.
The endoplasm hits you but does no damage.
Grinder barely misses you.
You shoot a sling bullet. The sling bullet hits Grinder.
Grinder is lightly wounded.
Grinder barely misses you.
The endoplasm hits you but does no damage.
The endoplasm freezes you.
You are frozen.
Grinder hits you but does no damage.
You shoot a sling bullet. The sling bullet barely misses Grinder.
The endoplasm hits you but does no damage.
Grinder gestures at you.
You suddenly lose the ability to move!
The endoplasm hits you but does no damage.
Grinder hits you.
You can move again.
You shoot a sling bullet.
The sling bullet hits Grinder but does no damage.
Grinder is lightly wounded.
The endoplasm barely misses you. Grinder hits you.
You writhe in agony.
You shoot a sling bullet. The sling bullet hits Grinder.
Grinder is moderately wounded.
The endoplasm freezes you.
You are frozen.
Grinder hits you but does no damage.
You shoot a sling bullet. The sling bullet hits Grinder.
Grinder is heavily wounded.
Grinder barely misses you. The endoplasm barely misses you.
The endoplasm freezes you.
You are frozen.
Grinder hits you but does no damage.
You shoot a sling bullet.
The sling bullet hits Grinder but does no damage.
Grinder is heavily wounded.
The endoplasm hits you but does no damage.
Grinder hits you but does no damage.
You shoot a sling bullet.
The sling bullet hits Grinder but does no damage.
Grinder is heavily wounded.
The endoplasm freezes you.
You are frozen.
Grinder hits you.
You die...

#.# ####.# #.# #.## .
#.# #..# .# #.# ##.#
#(# #.# #.### #..#
#.# #...# #..# #.#
###.# ... #[#
#####.#####J# .. #.#
#.........@.# .. #.#
#.........5.# .#
..###
#...........##.#
....#
#...........#..#
....#
#..............##
....#
#...............#####
....#
#..........#.<.......
...[#
#....................
##.##
..................#


You could see Grinder and an endoplasm.

Vanquished Creatures
  4 adders
  A shadow imp (D:3)
  A worm (D:2)
  4 orcs (D:4)
  6 endoplasms
  2 giant cockroaches (D:2)
  5 hobgoblins
  2 jackals (D:1)
  3 kobolds
  2 quokkas
  6 ball pythons
  6 bats
  7 frilled lizards
  5 goblins
  8 rats
62 creatures vanquished.

Notes
Turn   | Place    | Note
-------+----------+-------------------------------------------
     0 | D:1      | qw the Gargoyle Hexslinger began the quest for the Orb.
     0 | D:1      | Reached XP level 1. HP: 12/12 MP: 2/2
     0 | D:1      | 0 ||| qw: Version: 0.3-a-46-gb1f654a
     0 | D:1      | 0 ||| qw: Game counter: 2704
     0 | D:1      | 0 ||| qw: Melee chars always use a shield: true
     0 | D:1      | 0 ||| qw: God list: Okawaru
     0 | D:1      | 0 ||| qw: Allow faded altars: false
     0 | D:1      | 0 ||| qw: Do Orc after clearing Dungeon:15 true
     0 | D:1      | 0 ||| qw: Do second Lair branch before Depths: true
     0 | D:1      | 0 ||| qw: Lair rune preference: random
     0 | D:1      | 0 ||| qw: Goals: Normal
     0 | D:1      | 0 ||| PLANNING D:1-11
   428 | D:1      | Reached XP level 2. HP: 16/16 MP: 3/3
   568 | D:1      | Reached skill level 3 in Ranged Weapons
   589 | D:1      | Found a faded altar of an unknown god.
   872 | D:1      | 872 ||| UPGRADING to +0 leather armour.
   882 | D:1      | 882 ||| DROPPING +0 robe.
   883 | D:1      | 883 ||| UPGRADING to +1 cloak.
   888 | D:1      | 888 ||| UPGRADING to +6 ring of strength.
   889 | D:1      | 889 ||| READING scroll labelled BUHYSEI TAOTSYPUE.
   890 | D:1      | 890 ||| READING scroll labelled JUYFUFO ESAT.
   891 | D:1      | 891 ||| READING scroll labelled WIDYSK JUIWOTU.
   902 | D:1      | 902 ||| DROPPING scroll of poison.
   949 | D:2      | Reached XP level 3. HP: 21/21 MP: 4/4
  1397 | D:2      | Reached XP level 4. HP: 26/26 MP: 5/5
  1741 | D:2      | 1741 ||| UPGRADING to +0 ring mail.
  1751 | D:2      | 1751 ||| DROPPING scarf of invisibility.
  1752 | D:2      | 1752 ||| DROPPING +0 leather armour.
  1753 | D:2      | 1753 ||| READING 2 scrolls labelled DENY FOFUR.
  1754 | D:2      | 1754 ||| DRINKING 2 fuming red potions.
  1866 | D:3      | Reached skill level 4 in Ranged Weapons
  1941 | D:3      | Reached skill level 1 in Armour
  1941 | D:3      | Found an iron altar of Okawaru.
  1942 | D:3      | 1942 ||| PLANNING OKAWARU WORSHIP
  1942 | D:3      | 1942 ||| READING scroll labelled XYXZIS YCUWIRGH.
  2043 | D:3      | 2043 ||| READING 2 scrolls of identify.
  2043 | D:3      | 2043 ||| IDENTIFYING grey potion
  2044 | D:3      | 2044 ||| DROPPING potion of attraction.
  2050 | D:3      | Became a worshipper of Warmaster Okawaru
  2051 | D:3      | 2051 ||| PLANNING D:1-11
  2226 | D:3      | 2226 ||| DROPPING scarf of harm.
  2387 | D:4      | Noticed Grinder
  2392 | D:4      | Paralysed by Grinder for 5 turns
  2412 | D:4      | Paralysed by Grinder for 2 turns
  2415 | D:4      | HP: 3/26 [frozen (4)]
  2418 | D:4      | Slain by Grinder

Levels and vault maps discovered:
D:1:      wander_arrival_chamber, layout_loops_corners,
          nicolae_ecumenical_lake_church, serial_park_tiny_1
D:2:      layout_basic
D:3:      layout_basic, okawaru_metal_pillars_1_2, hex_tiny
D:4:      layout_rooms, nicolae_dithmenos_the_darkroom, uniq_grinder,
          uniq_robin, uniq_edmund

Skill      XL: |  1  2  3  4 |
---------------+-------------+-----
Ranged Weapons | 3 4 |  4.3
Fighting       | 2 |  2.2
Armour         | 1 |  1.0
Dodging        | |  1.5
Spellcasting   | |  1.0
Hexes          | |  2.6

Action                     |  1- 3 |  4- 6 || total
---------------------------+-------+-------++-------
   Fire: Sling             |    95 |   103 ||   198
    Use: Scroll            |     3 |     3 ||     6
         Potion            |       |     1 ||     1
 Armour: Robe              |     3 |       ||     3
         Leather armour    |    20 |       ||    20
         Ring mail         |       |    29 ||    29
  Dodge: Dodged            |    37 |    35 ||    72

Table legend:
 A = Non-vault XP
 B = Vault XP
 C = Vault XP percentage of total XP
 D = Non-vault monster count
 E = Vault monster count
 F = Vault count percentage of total count
                 A         B        C        D         E       F
            +---------+---------+-------+---------+---------+-------
      Total |     161 |       0 |   0.0 |      62 |       0 |   0.0
            +---------+---------+-------+---------+---------+-------
        D:1 |      26 |       0 |   0.0 |      19 |       0 |   0.0
        D:2 |      64 |       0 |   0.0 |      22 |       0 |   0.0
        D:3 |      38 |       0 |   0.0 |      12 |       0 |   0.0
        D:4 |      33 |       0 |   0.0 |       9 |       0 |   0.0
            +---------+---------+-------+---------+---------+-------
